 Dungeon Crawl Stone Soup version 0.30-a0-297-g0ec75d9ef4 (webtiles) character file.

Game seed: 2273029533597543193

54 NinjaNoafa the Ducker (level 3, -1/18 HPs)
             Began as a Spriggan Gladiator on Oct 19, 2022.
             Killed by nerve-wracking pain
             ... invoked by Grinder
              (10 damage)
             ... on level 3 of the Dungeon.
             The game lasted 00:03:00 (1482 turns).

NinjaNoafa the Ducker (Spriggan Gladiator)          Turns: 1482, Time: 00:03:00

Health: -1/18      AC:  2    Str: 10    XL:     3   Next: 66%
Magic:  4/4        EV: 19    Int:  9    God:
Gold:   144        SH:  5    Dex: 18    Spells: 2/2 levels left

rFire   . . .      SeeInvis +    a - +0 rapier
rCold   . . .      Faith    .    (no shield)
rNeg    . . .      Spirit   .    b - +0 robe
rPois   .          Reflect  +    c - +0 hat
rElec   .          Harm     .    (no cloak)
rCorr   .          Rampage  .    (gloves unavailable)
Will    .....                    (boots unavailable)
Stlth   ++........               m - amulet of reflection
HPRegen 0.23/turn                (no ring)
MPRegen 0.09/turn                (no ring)

@: very quick
A: very small, no large weapons, unfitting armour, see invisible, speed 3
a: no special abilities


You were on level 3 of the Dungeon.
You visited 1 branch of the dungeon, and saw 3 of its levels.

You collected 144 gold pieces.

Inventory:

Hand Weapons
 a - a +0 rapier (weapon)
Missiles
 d - 3 throwing nets
 e - 2 boomerangs
 f - 24 stones
 g - 14 poisoned darts (quivered)
Armour
 b - a +0 robe (worn)
 c - a +0 hat (worn)
Jewellery
 m - an amulet of reflection (around neck)
Scrolls
 h - 3 scrolls of identify {unknown}
 i - 3 scrolls of teleportation {unknown}
 k - a scroll of summoning {unknown}
 l - a scroll of fear {unknown}
 n - 6 scrolls of amnesia {unknown}
 o - a scroll of vulnerability {unknown}
Potions
 j - 2 potions of attraction {unknown}
 p - a potion of mutation {unknown}
 q - a potion of might {unknown}


   Skills:
 - Level 2.0 Fighting
 + Level 4.2 Short Blades
 - Level 2.0 Throwing
 + Level 4.5 Dodging
 * Level 2.2 Stealth


You had 2 spell levels left.
You didn't know any spells.
Your spell library was empty.

Dungeon Overview and Level Annotations

Branches:
Dungeon (3/15)

Altars:
Fedhas
Yredelemnul

Annotations:
D:3 Grinder


Innate Abilities, Weirdness & Mutations

You are very small and have problems with some larger weapons.
You are too small for most types of armour.
You have supernaturally acute eyesight. (SInv)
You cover ground extremely quickly. (Speed+++)


Message History

A frilled lizard comes into view.
Found a spear.
You see here 6 silver javelins.
Found 17 gold pieces.
The frilled lizard hisses angrily.
The frilled lizard closely misses you.
You closely miss the frilled lizard. The frilled lizard misses you.
You closely miss the frilled lizard. The frilled lizard bites you.
You barely miss the frilled lizard. The frilled lizard misses you.
You puncture the frilled lizard!
You kill the frilled lizard!
Found a stone staircase leading up.
Found a ring mail.
Found a blossoming altar of Fedhas.
You now have 144 gold pieces (gained 17).
You open the door.
There is an open door here.
There is a blossoming altar of Fedhas here.
A quokka comes into view.
You see here 3 scrolls labelled IBOHAI IROSE.
The helpless quokka fails to defend itself.
You impale the quokka!!
You kill the quokka!
n - 6 scrolls labelled IBOHAI IROSE (gained 3)
You see here 6 silver javelins.
Grinder shouts!
Grinder is nearby!
Okay, then.
Grinder says, "Mostly I couldn't keep them alive."
You throw a poisoned dart.
The poisoned dart barely misses Grinder.
You throw a poisoned dart. The poisoned dart hits Grinder.
Grinder hits you.
You writhe in agony.
You hit Grinder but do no damage. Grinder misses you.
You puncture Grinder!
Grinder is moderately wounded.
Grinder gestures at you. Pain shoots through your body!
Ouch! That really hurt!
You die...

#################
#...............#
#.#############.#
#.#############.###
#.................#
#.(####...#####.#.#
#..###..#.# #.#.# #
#..#....#.#####.#.# ..
#..@.#..........#.#
###.#+##5#.#....#######.#
#..5.....#...<.....[._.##
#.#......#>..).........#
#..(...#.#....###'####
#.####.#.###........# #
#.#.# ####.....#
#.####.#.## #.....#
#.........# #.....#


You could see Grinder.

Vanquished Creatures
  An adder (D:3)
  A worm (D:2)
  3 orcs (D:3)
  3 ball pythons
  4 endoplasms
  2 giant cockroaches (D:1)
  3 hobgoblins (D:1)
  4 jackals (D:3)
  2 quokkas
  5 bats
  2 frilled lizards
  2 kobolds (D:1)
  5 rats
37 creatures vanquished.

Notes
Turn   | Place    | Note
-------+----------+-------------------------------------------
     0 | D:1      | NinjaNoafa the Spriggan Gladiator began the quest for the
                  | Orb.
     0 | D:1      | Reached XP level 1. HP: 10/10 MP: 2/2
   383 | D:1      | Reached XP level 2. HP: 15/15 MP: 3/3
   623 | D:2      | Found a basalt altar of Yredelemnul.
   819 | D:2      | Reached skill level 1 in Stealth
   866 | D:2      | Found a faded altar of an unknown god.
  1156 | D:2      | Reached XP level 3. HP: 18/18 MP: 4/4
  1399 | D:3      | Noticed Grinder
  1421 | D:3      | Found a blossoming altar of Fedhas.
  1482 | D:3      | Killed from afar by Grinder

Illustrated notes

Levels and vault maps discovered:
D:1:      dpeg_arrival_round_a, layout_rooms
D:2:      layout_loops_ring, basic_altar, shapermc_ecumenical_altar_totnotflames
D:3:      layout_basic, minitemple, mainiacjoe_overflow_24_doors,
          overflow_temple_1_default, serial_rivers,
          chequers_serial_rivers_large_a, chequers_serial_rivers_large_b,
          chequers_serial_rivers_micro_b, chequers_serial_rivers_marsh,
          uniq_grinder

Skill      XL: |  1  2  3 |
---------------+----------+-----
Fighting       | 2 |  2.0
Stealth        | 1 2 |  2.2
Short Blades   | 4 |  4.2
Throwing       | |  2.0
Dodging        | |  4.5

Action                   || total
-------------------------++-------
Melee: Rapier            ||    62
       Punch             ||     1
Throw: Boomerang         ||    63
       Dart              ||     2
 Stab: Sleeping          ||     2
Armor: Robe              ||     9
Dodge: Dodged            ||    70
Block: Other             ||     4

Table legend: (Time is in decaauts)
 A = Elapsed time spent in this place.
 B = Non-inter-level travel time spent in this place.
 C = Inter-level travel time spent in this place.
 D = Time resting spent in this place.
 E = Time spent auto-exploring this place.
 F = Levels seen in this place.
 G = Mean time per level.
                   A        B        C        D        E       F      G
               +--------+--------+--------+--------+--------+-----+--------+
         Total |   1003 |    973 |     30 |      0 |    728 |   3 |  334.3 |
       Dungeon |   1003 |    973 |     30 |      0 |    728 |   3 |  334.3 |
               +--------+--------+--------+--------+--------+-----+--------+

Top non-repeatable levels by time:
     D:2: 442 daAuts
     D:1: 394 daAuts
     D:3: 165 daAuts
